 Dungeon Crawl Stone Soup version 0.27-a0-1065-ge809cff456 (webtiles) character file.

Game seed: 4028379246916252333

99 leviel the Chopper (level 4, -3/44 HPs)
             Began as a Hill Orc Fighter on Apr 24, 2021.
             Killed from afar by Sigmund (5 damage)
             ... with a magic dart
             ... on level 3 of the Dungeon.
             The game lasted 00:02:32 (2333 turns).

leviel the Chopper (Hill Orc Fighter)               Turns: 2333, Time: 00:02:32

Health: -3/44      AC:  7    Str: 19    XL:     4   Next: 72%
Magic:  4/4        EV: 22    Int:  8    God:
Gold:   106        SH:  0    Dex: 10    Spells: 3/3 levels left

rFire    . . .     SeeInvis .   a - +0 war axe
rCold    . . .     Faith    .   c - +0 kite shield
rNeg     . . .     Spirit   .   b - +0 scale mail
rPois    .         Reflect  .   (no helmet)
rElec    +         Harm     .   (no cloak)
rCorr    .         Rampage  .   (no gloves)
Will     .....                  (no boots)
Stlth    ..........             l - amulet of the acrobat
HPRegen  0.14/turn              (no ring)
MPRegen  0.09/turn              (no ring)

@: confused, unable to read, acrobatic
A: robust 1, electricity resistance, inability to read while threatened
a: no special abilities


You were on level 3 of the Dungeon.
You visited 1 branch of the dungeon, and saw 3 of its levels.

You collected 106 gold pieces.

Inventory:

Hand Weapons
 a - a +0 war axe (weapon)
Armour
 b - a +0 scale mail (worn)
 c - a +0 kite shield (worn)
Jewellery
 l - an amulet of the acrobat (around neck)
Wands
 n - a wand of mindburst (9)
Scrolls
 f - a scroll of acquirement {unknown}
 g - 2 scrolls of blinking {unknown}
 h - 2 scrolls of fog {unknown}
 i - 3 scrolls of fear {unknown}
 j - a scroll of torment {unknown}
 k - 3 scrolls of noise {unknown}
 m - a scroll of identify {unknown}
Potions
 d - a potion of might
 e - a potion of mutation


   Skills:
 + Level 4.2 Fighting
 + Level 4.6 Axes
 + Level 4.0 Armour
 + Level 0.1 Dodging
 + Level 3.8 Shields


You had 3 spell levels left.
You didn't know any spells.
Your spell library contained the following spells:

 Spells                   Type           Power      Damage    Failure   Level
 Foxfire                  Conj/Fire      0%         2x1d4     99%         1
 Conjure Flame            Conj/Fire      0%         6-21      100%        3
 Inner Flame              Hex/Fire       0%         N/A       100%        3
 Sticky Flame             Conj/Fire      0%         2d3       100%        4
 Fireball                 Conj/Fire      0%         3d3       100%        5


Dungeon Overview and Level Annotations

Branches:
Dungeon (3/15)

Altars:

Annotations:
D:3 Sigmund


Innate Abilities, Weirdness & Mutations

You are robust. (+10% HP)
You are resistant to electric shocks. (rElec)
You sometimes lose the ability to read scrolls when taking damage.


Message History

The puff of flame hits you. Sigmund casts a spell at you.
The puff of flame hits you.
You feel less confused. You block Sigmund's attack.
Sigmund's eyes start glowing with a red light.
Sigmund points at you and mumbles some strange words.
The puff of flame hits you!
You feel threatened and lose the ability to read scrolls!
Sigmund screams, "I am the angel of ZOT!!!"
You block Sigmund's attack.
Your scale mail prevents you from hitting Sigmund.
You block Sigmund's attack. Sigmund hits you but does no damage.
You hit Sigmund.
Sigmund is lightly wounded.
Sigmund barely misses you. You block Sigmund's attack.
Sigmund points at you and mumbles some strange words.
You resist with some effort.
You slash Sigmund!
Sigmund is heavily wounded.
Sigmund hits you with a +0 scythe! x2
* * * LOW HITPOINT WARNING * * *
Sigmund points at you and mumbles some strange words.
The magic dart hits you.
* * * LOW HITPOINT WARNING * * *
Sigmund closely misses you.
Okay, then.
You cannot read scrolls in your current state!
Sigmund misses you. Sigmund completely misses you.
Sigmund casts a spell at you.
You are confused.
Sigmund hits you but does no damage.
Sigmund points at you and mumbles some strange words.
The magic dart hits you.
* * * LOW HITPOINT WARNING * * *
Sigmund misses you. Sigmund gestures at you while chanting.
The magic dart hits you.
You die...

########### . #.........## ..
#..........#
...######..........########
...........................
...##...#######.....###### <.
##...###.†........#### ..
.#######....................# #..
................@...........###..
..............@..##..............
.................##..............
.................##..............
################.##..........)..#
..##..............
#............#..†.
..................
#.................


You could see Sigmund (fast).

Vanquished Creatures
  2 adders (D:2)
  2 worms (D:2)
  5 dart slugs
  An orc (D:3)
  7 endoplasms
  3 giant cockroaches
  2 goblins (D:1)
  6 hobgoblins
  10 jackals
  6 kobolds
  3 quokkas (D:2)
  6 ball pythons (D:2)
  A bat (D:3)
  2 frilled lizards (D:1)
  3 rats
59 creatures vanquished.

Notes
Turn   | Place    | Note
-------+----------+-------------------------------------------
     0 | D:1      | leviel the Hill Orc Fighter began the quest for the Orb.
     0 | D:1      | Reached XP level 1. HP: 19/19 MP: 1/1
   134 | D:1      | Reached XP level 2. HP: 16/27 MP: 2/2
   357 | D:1      | Found a faded altar of an unknown god.
   580 | D:1      | Reached XP level 3. HP: 25/33 MP: 3/3
  1486 | D:2      | Reached XP level 4. HP: 40/40 MP: 4/4
  2310 | D:3      | Noticed Sigmund
  2311 | D:3      | Gained mutation: You sometimes lose the ability to read
                  | scrolls when taking damage. [potion of mutation]
  2311 | D:3      | Gained mutation: You are robust. (+10% HP) [potion of
                  | mutation]
  2311 | D:3      | Gained mutation: You are resistant to electric shocks.
                  | (rElec) [potion of mutation]
  2331 | D:3      | HP: 2/44 [Sigmund/magic dart (5)]
  2333 | D:3      | Killed from afar by Sigmund

Illustrated notes

Levels and vault maps discovered:
D:1:      ebering_trefoil_twist, layout_basic, ebering_ecumenical_altar_hall
D:2:      layout_loops_corners
D:3:      layout_basic, lemuel_coloured_pillars_altar, uniq_sigmund

Skill      XL: |  1  2  3  4 |
---------------+-------------+-----
Axes           | 3 4 |  4.6
Fighting       | 4 |  4.2
Armour         | 4 |  4.0
Dodging        | |  0.1
Shields        | |  3.8

Action                   |  1- 3 |  4- 6 || total
-------------------------+-------+-------++-------
Melee: War axe           |    94 |    69 ||   163
  Use: Potion            |       |     2 ||     2
 Stab: Distracted        |     1 |       ||     1
Armor: Scale mail        |    31 |    38 ||    69
Dodge: Dodged            |    17 |    32 ||    49
Block: Kite shield       |    53 |    45 ||    98

Table legend: (Time is in decaauts)
 A = Elapsed time spent in this place.
 B = Non-inter-level travel time spent in this place.
 C = Inter-level travel time spent in this place.
 D = Time resting spent in this place.
 E = Time spent auto-exploring this place.
 F = Levels seen in this place.
 G = Mean time per level.
                   A        B        C        D        E       F      G
               +--------+--------+--------+--------+--------+-----+--------+
         Total |   2420 |   2386 |     34 |      0 |   1957 |   3 |  806.7 |
       Dungeon |   2420 |   2386 |     34 |      0 |   1957 |   3 |  806.7 |
               +--------+--------+--------+--------+--------+-----+--------+

Top non-repeatable levels by time:
     D:1: 1141 daAuts
     D:2: 1046 daAuts
     D:3: 232 daAuts
